 Dungeon Crawl Stone Soup version 0.28-a0-239-g68911e0c57 (webtiles) character file.

Game seed: 17767129583931041391

112 Colgate the Chopper (level 4, 0/39 HPs)
             Began as a Minotaur Berserker on Aug 23, 2021.
             Was a Believer of Trog.
             Succumbed to an adder's poison
             ... on level 3 of the Dungeon.
             The game lasted 00:01:03 (2239 turns).

Colgate the Chopper (Minotaur Berserker)            Turns: 2239, Time: 00:01:03

Health: 0/39       AC:  8    Str: 23    XL:     4   Next: 64%
Magic:  3/3        EV:  8    Int:  4    God:    Trog [**....]
Gold:   39         SH:  0    Dex:  9    Spells: 3/3 levels left

rFire   . . .      SeeInvis .   Y - +0 hand axe
rCold   . . .      Faith    .   (no shield)
rNeg    . . .      Spirit   .   e - +0 chain mail
rPois   .          Reflect  .   (helmet restricted)
rElec   .          Harm     .   (no cloak)
rCorr   .          Rampage  .   (no gloves)
Will    .....                   (no boots)
Stlth   ..........              (no amulet)
HPRegen 0.13/turn               (no ring)
MPRegen 0.08/turn               (no ring)

@: lethally poisoned (0 -> -1), on berserk cooldown, slowed, very slow
A: horns 2, retaliatory headbutt
a: Renounce Religion, Berserk, Trog's Hand


You were on level 3 of the Dungeon.
You worshipped Trog.
Trog was pleased with you.
You visited 1 branch of the dungeon, and saw 3 of its levels.

You collected 39 gold pieces.


Innate Abilities, Weirdness & Mutations

You have a pair of horns on your head.
You reflexively headbutt those who attack you in melee.


   Skills:
 - Level 3.6 Fighting
 + Level 6.6 Axes
 - Level 2.4 Armour
 - Level 2.1 Dodging


You had 3 spell levels left.
You didn't know any spells.
Your spell library was empty.

Inventory:

Hand Weapons
 h - a +0 mace
 Y - a +0 hand axe (weapon)
Armour
 e - a +0 chain mail (worn)
Jewellery
 c - a ring of ice
Potions
 b - a potion of lignification {unknown}
 d - a potion of might {unknown}
 f - a potion of brilliance {unknown}
 g - a potion of attraction {unknown}

Dungeon Overview and Level Annotations

Branches:
Dungeon (3/15)

Altars:


Message History

You closely miss the orc priest. Your headbutt misses the orc priest.
The orc priest looks satisfied for a moment.
You hit the orc priest.
The orc priest is moderately wounded.
An adder comes into view.
The adder hisses angrily.
You slash the orc priest!
You kill the orc priest!
Trog accepts your kill.
Things that are here:
a +0 dagger; a +0 ring mail; an orc corpse You feel a strong urge to attack something.
You hit the worm. You headbutt the worm!
The worm is almost dead.
You are no longer berserk.
You are exhausted.
You feel yourself slow down.
You hit the worm but do no damage.
The worm is almost dead.
The adder barely misses you. The worm bites you but does no damage.
You slash the worm!
You kill the worm!
Trog accepts your kill.
You barely miss the adder. The adder bites you.
You are poisoned.
The adder poisons you! The adder barely misses you.
You miss the adder.
You feel very sick. The adder bites you.
The adder bites you but does no damage.
You miss the adder.
You feel sick. The adder completely misses you. The adder bites you.
You miss the adder. Your headbutt misses the adder.
You feel sick. The adder bites you. The adder barely misses you.
You closely miss the adder.
You feel sick. The adder bites you but does no damage.
The adder closely misses you. You furiously retaliate!
You headbutt the adder. You hit the adder. Your headbutt misses the adder.
The adder is severely wounded.
You die...

#########
#......o.
##<######..
#..)......#
#.)))####.#
#..@.#
#.S%.#
.......#
#..###.##.
.. ... .. .
.#.. ...
... .... .
.. ####


You could see an adder.

Vanquished Creatures
  An orc priest (D:3)
  2 adders (D:2)
  2 worms
  2 dart slugs
  5 orcs (D:3)
  5 endoplasms
  A goblin (D:1)
  5 hobgoblins
  3 jackals (D:1)
  4 kobolds
  2 quokkas (D:1)
  8 ball pythons
  A bat (D:1)
  4 frilled lizards
  4 rats
49 creatures vanquished.

Notes
Turn   | Place    | Note
-------+----------+-------------------------------------------
     0 | D:1      | Colgate the Minotaur Berserker began the quest for the Orb.
     0 | D:1      | Reached XP level 1. HP: 19/19 MP: 0/0
     0 | D:1      | 0 ||| counter = 18
    76 | D:1      | Found a faded altar of an unknown god.
   125 | D:1      | Reached skill level 4 in Axes
   178 | D:1      | Reached XP level 2. HP: 20/26 MP: 1/1
  1225 | D:1      | Reached skill level 5 in Axes
  1239 | D:1      | 1239 ||| UPGRADING to +0 leather armour.
  1249 | D:1      | 1249 ||| DROPPING +0 animal skin.
  1250 | D:1      | 1250 ||| UPGRADING to +0 chain mail.
  1260 | D:1      | 1260 ||| DROPPING +0 leather armour.
  1296 | D:2      | 1296 ||| STAIRDANCE
  1306 | D:2      | Reached XP level 3. HP: 31/31 MP: 2/2
  1689 | D:2      | Reached ** piety under Trog
  1866 | D:2      | 1866 ||| DROPPING +0 club.
  1967 | D:2      | 1967 ||| INVOKING Berserk.
  2098 | D:2      | Reached skill level 6 in Axes
  2098 | D:2      | Reached XP level 4. HP: 37/39 MP: 3/3
  2189 | D:2      | 2189 ||| READING scroll labelled UMNUFO SALI.
  2190 | D:2      | 2190 ||| READING scroll labelled RORYWE MINU.
  2221 | D:3      | 2221 ||| INVOKING Berserk.
  2235 | D:3      | HP: 9/39 [poisoned by an adder]
  2237 | D:3      | HP: 4/39 [poisoned by an adder]
  2238 | D:3      | HP: 1/39 [poisoned by an adder]
  2239 | D:3      | Succumbed to an adder's poison

Levels and vault maps discovered:
D:1:      enne_arrival_octagon_isle, layout_basic,
          shapermc_ecumenical_altar_venn
D:2:      layout_loops_ring, serial_aquarium, aquarium_bridge_straight
          [aquarium_subvault_bridge, aquarium_subvault_wall,
          aquarium_subvault_bridge, aquarium_subvault_window],
          aquarium_window_corner, aquarium_window_fake, aquarium_view_2g,
          aquarium_view_4, aquarium_pool_2
D:3:      layout_basic, wander_ebering_terrifying_dragon_lair

Skill      XL: |  1  2  3 |
---------------+----------+-----
Axes           | 4 5 6 |  6.6
Fighting       | |  3.6
Armour         | |  2.4
Dodging        | |  2.1

Action                   |  1- 3 |  4- 6 || total
-------------------------+-------+-------++-------
Melee: Hand axe          |    82 |    19 ||   101
       Headbutt          |    14 |     3 ||    17
Invok: Berserk           |     1 |     1 ||     2
  Use: Scroll            |       |     2 ||     2
Armor: Animal skin       |     2 |       ||     2
       Chain mail        |    14 |     8 ||    22
Dodge: Dodged            |    45 |    10 ||    55

Table legend:
 A = Non-vault XP
 B = Vault XP
 C = Vault XP percentage of total XP
 D = Non-vault monster count
 E = Vault monster count
 F = Vault count percentage of total count
                 A         B        C        D         E       F
            +---------+---------+-------+---------+---------+-------
      Total |     161 |       0 |   0.0 |      49 |       0 |   0.0
            +---------+---------+-------+---------+---------+-------
        D:1 |      39 |       0 |   0.0 |      22 |       0 |   0.0
        D:2 |      61 |       0 |   0.0 |      20 |       0 |   0.0
        D:3 |      61 |       0 |   0.0 |       7 |       0 |   0.0
            +---------+---------+-------+---------+---------+-------
